 Dungeon Crawl Stone Soup version 0.31.0-32-g396128a36d (webtiles) character file.

Game seed: 15780996325862401679

63 PaiMei the Grave Robber (level 3, -1/26 HPs)
             Began as a Demonspawn Necromancer on Mar 28, 2024.
             Slain by Terence
             ... wielding a +0 flail
              (6 damage)
             ... on level 2 of the Dungeon.
             The game lasted 00:02:20 (1862 turns).

PaiMei the Grave Robber (Demonspawn Necromancer)    Turns: 1862, Time: 00:02:21

Health: -1/26      AC:  4    Str:  8    XL:     3   Next: 87%
Magic:  10/15      EV: 12    Int: 17    God:
Gold:   130        SH:  0    Dex: 13    Spells: 6/7 levels left

rFire   . . .        i - +0 hand axe
rCold   . . .        (no shield)
rNeg    + . .        a - +0 robe
rPois   .            (no helmet)
rElec   .            (no cloak)
rCorr   .            (no gloves)
SInv    .            (no boots)
Will    .....        (no amulet)
Stlth   ++           g - ring of magical power
HPRegen 0.24/turn    l - ring of positive energy
MPRegen 0.14/turn

%: no passive effects
@: no status effects
A: molten scales 1
a: no special abilities


You were on level 2 of the Dungeon.
You visited 1 branch of the dungeon, and saw 2 of its levels.

You collected 130 gold pieces.

Inventory:

Hand Weapons
 i - a +0 hand axe (weapon)
Armour
 a - a +0 robe (worn)
Jewellery
 g - a ring of magical power (left hand)
 l - a ring of positive energy (right hand)
Scrolls
 d - 3 scrolls of identify {unknown}
 f - a scroll of blinking {unknown}
 h - a scroll of noise {unknown}
 j - a scroll of enchant armour {unknown}
 m - a scroll of amnesia {unknown}
 n - a scroll of brand weapon {unknown}
Potions
 b - a potion of magic
 c - a potion of lignification {unknown}
 e - a potion of heal wounds {unknown}
 k - a potion of haste {unknown}


   Skills:
 + Level 1.2 Fighting
 + Level 2.4 Dodging
 - Level 2.0 Stealth
 + Level 2.5 Spellcasting
 + Level 4.9 Necromancy


You had 6 spell levels left.
You knew the following spells:

 Your Spells              Type           Power      Damage    Failure   Level
a - Necrotise             Necr           72%        1d7       2%          1

Your spell library contained the following spells:

 Spells                   Type           Power      Damage    Failure   Level
 Vampiric Draining        Necr           18%        2d7       8%          3
 Animate Dead             Necr           18%        N/A       24%         4
 Jinxbite                 Hex            4%         N/A       28%         2
 Curse of Agony           Necr           18%        N/A       56%         5
 Yara's Violent Unravell  Hex/Alch       1%         3d3       99%         5
 Enfeeble                 Hex            1%         N/A       100%        7


Dungeon Overview and Level Annotations

Branches:
Dungeon (2/15)

Altars:

Annotations:
D:2 Terence


Innate Abilities, Weirdness & Mutations

You are partially covered in molten scales. (AC +2)


Message History

Confirm with . or Enter, or press ? or * to list all spells.
You don't know that spell.
Casting: Necrotise (safe; 2% risk of failure)
Confirm with . or Enter, or press ? or * to list all spells.
You don't know that spell.
Casting: Necrotise (safe; 2% risk of failure)
Confirm with . or Enter, or press ? or * to list all spells.
Aiming: Necrotise (safe; 2% risk of failure)
Press: ? - help, Shift-Dir - straight line, f - Terence
Aim: Terence, wielding a +0 flail, wearing a +2 scale mail of fire resistance and carrying a wand of flame (chance to affect: 83%) Terence writhes in agony.
Terence hits you with a +0 flail!
Casting: Necrotise (safe; 2% risk of failure)
Confirm with . or Enter, or press ? or * to list all spells.
Aiming: Necrotise (safe; 2% risk of failure)
Press: ? - help, Shift-Dir - straight line, f/p - Terence
Aim: Terence, wielding a +0 flail, wearing a +2 scale mail of fire resistance and carrying a wand of flame (moderately wounded, chance to affect: 83%) Terence writhes in agony.
Terence hits you with a +0 flail.
Casting: Necrotise (safe; 2% risk of failure)
Confirm with . or Enter, or press ? or * to list all spells.
Aiming: Necrotise (safe; 2% risk of failure)
Press: ? - help, Shift-Dir - straight line, f/p - Terence
Aim: Terence, wielding a +0 flail, wearing a +2 scale mail of fire resistance and carrying a wand of flame (moderately wounded, chance to affect: 83%) Terence writhes in agony.
Terence shouts, "Now you die!"
Terence zaps a wand.
The puff of flame misses you.
Casting: Necrotise (safe; 2% risk of failure)
Confirm with . or Enter, or press ? or * to list all spells.
Aiming: Necrotise (safe; 2% risk of failure)
Press: ? - help, Shift-Dir - straight line, f/p - Terence
Aim: Terence, wielding a +0 flail, wearing a +2 scale mail of fire resistance and carrying a wand of flame (heavily wounded, chance to affect: 83%) Terence writhes in agony.
Terence zaps a wand.
The puff of flame hits you!
* * * LOW HITPOINT WARNING * * *
Casting: Necrotise (safe; 2% risk of failure)
Confirm with . or Enter, or press ? or * to list all spells.
Aiming: Necrotise (safe; 2% risk of failure)
Press: ? - help, Shift-Dir - straight line, f/p - Terence
Aim: Terence, wielding a +0 flail, wearing a +2 scale mail of fire resistance and carrying a wand of flame (severely wounded, chance to affect: 83%) Terence barely resists.
Terence hits you with a +0 flail.
You die...
Terence says, "That felt goooood."

####### #.....# #.....#
##########.....#
.......<.@@....#
##########.....# #.....#
#.....# #.....# ....$
########.....######.....
#.......................
#.........##............
#..@......##............


You could see Terence.

Vanquished Creatures
  An adder (D:2)
  A dart slug (D:2)
  8 bats
  3 endoplasms
  A giant cockroach (D:2)
  4 goblins
  4 hobgoblins
  4 kobolds
  A quokka (D:1)
  4 ball pythons
  A frilled lizard (D:1)
  6 rats
38 creatures vanquished.

Vanquished Creatures (collateral kills)
  An adder (D:2)
1 creature vanquished.

Grand Total: 39 creatures vanquished

Notes
Turn   | Place    | Note
-------+----------+-------------------------------------------
     0 | D:1      | PaiMei the Demonspawn Necromancer began the quest for the
                  | Orb.
     0 | D:1      | Reached XP level 1. HP: 13/13 MP: 3/3
   354 | D:1      | Gained mutation: You are partially covered in molten
                  | scales. (AC +2) [demonic ancestry]
   354 | D:1      | Reached XP level 2. HP: 19/19 MP: 3/5
  1045 | D:2      | Noticed Terence
  1142 | D:2      | Reached XP level 3. HP: 25/25 MP: 4/6
  1278 | D:2      | Reached skill level 1 in Fighting
  1862 | D:2      | Slain by Terence

Illustrated notes

Levels and vault maps discovered:
D:1:      scummos_arrival_checkerplants, layout_loops_ring
D:2:      layout_basic, minmay_fractal_squares_gapless_5, uniq_terence

Skill      XL: |  1  2  3 |
---------------+----------+-----
Dodging        | 2 |  2.4
Stealth        | 2 |  2.0
Fighting       | 1 |  1.2
Spellcasting   | |  2.5
Necromancy     | |  4.9

Action                     || total
---------------------------++-------
  Melee: Unarmed           ||    22
         Hand axe          ||     5
   Cast: Necrotise         ||    70
 Armour: Robe              ||    44
  Dodge: Dodged            ||    36
